Map: Dreamcatcher LE

Players

ShoWTimE - Winner!

  • Race: Protoss Protoss
  • Spawn Location: 5:00

Clem

  • Race: Terran Terran
  • Spawn Location: 11:00

Event: WCS Valencia 2018

VOD

Have the link to the VOD?

Description

Time

  • Played on: July 13, 2018, 11:15 a.m.
  • Length: 18:21

All games in this series

Show
View Real Time Build Order
Export as new Build Order

ShoWTimE Protoss - Winner!

Build Orders: 1 Gate Expand, Oracle Opening 

Get SALT Encoding   

  12  0:00  Probe  
  13  0:12  Probe  
  14  0:17  Pylon  
  14  0:24  Probe  
  15  0:32  Probe  
  15  0:39  Gateway  
  15  0:40  Probe  
  16  0:46  Assimilator  
  17  0:51  Probe  
  18  1:03  Probe  
  19  1:15  Probe  
  20  1:24  Nexus  
  20  1:34  Cybernetics Core  
  20  1:37  Probe  
  21  1:44  Assimilator  
  21  1:49  Probe  
  21  1:54  Pylon  
  22  2:01  Probe  
  22  2:03  Adept  
  23  2:13  Probe  
  26  2:16  Stargate  
  26  2:22  Adept  
  26  2:23  Warp Gate  
  26  2:25  Probe  
  27  2:34  Probe  
  29  2:38  Probe  
  29  2:42  Probe  
  31  2:50  Adept, Probe  
  32  2:52  Probe  
  32  2:55  Oracle  
  35  3:02  Probe  
  35  3:04  Probe  
  40  3:10  Pylon  
  40  3:14  Probe  
  40  3:16  Probe  
  40  3:22  Oracle  
  40  3:26  Probe  
  41  3:28  Probe  
  41  3:30  Gateway  
  45  3:37  Gateway  
  45  3:40  Probe  
  46  3:41  Probe  
  45  3:52  Probe  
  46  3:55  Assimilator  
  46  3:56  Probe  
  46  3:59  Oracle  
  46  4:00  Pylon  
  50  4:04  Probe  
  50  4:07  Pylon  
  50  4:08  Probe  
  52  4:19  Nexus  
  52  4:21  Probe x2  
  54  4:27  Assimilator  
  54  4:33  Probe  
  54  4:34  Probe  
  56  4:40  Forge  
  56  4:41  Twilight Council  
  56  4:45  Probe, Sentry  
  59  4:46  Probe  
  59  4:50  Stalker  
  59  4:51  Pylon  
  62  4:55  Stalker  
  62  4:59  Probe  
  65  5:01  Probe  
  65  5:06  Shield Battery  
  66  5:10  Shield Battery  
  66  5:11  Probe  
  66  5:13  Probe, Blink  
  66  5:15  Stalker, Protoss Ground Weapons Level 1  
  66  5:16  Stalker  
  66  5:20  Adept  
  72  5:23  Probe  
  72  5:25  Probe  
  71  5:39  Probe  
  71  5:41  Adept x3  
  71  5:42  Probe  
  79  5:43  Probe  
  80  5:50  Robotics Facility  
  80  5:53  Probe  
  80  5:54  Probe  
  80  5:55  Probe  
  83  6:02  Sentry  
  85  6:07  Gateway x2  
  85  6:10  Probe, Gateway  
  87  6:11  Probe  
  87  6:12  Probe  
  88  6:19  Assimilator  
  88  6:22  Probe  
  88  6:23  Assimilator, Pylon, Probe  
  88  6:24  Probe  
  91  6:29  Pylon  
  91  6:33  Pylon  
  91  6:34  Observer, Probe  
  91  6:35  Probe  
  91  6:36  Gateway  
  91  6:39  Gateway  
  93  6:40  Protoss Ground Armor Level 1, Robotics Bay  
  93  6:45  Photon Cannon  
  94  6:48  Pylon  
  94  6:57  Observer, Charge  
  94  7:00  Robotics Facility  
  95  7:05  Photon Cannon  
  95  7:07  Shield Battery  
  95  7:09  Pylon  
  95  7:10  Stalker x2  
  99  7:23  Stalker x4  
  107  7:37  Stalker x2  
  107  7:40  Disruptor  
  107  7:41  Stalker x2  
  115  7:50  Disruptor  
  119  7:59  Stalker, Pylon  
  119  8:01  Pylon  
  121  8:05  Photon Cannon  
  121  8:06  Photon Cannon  
  121  8:08  Shield Battery  
  121  8:09  Pylon, Nexus  
  121  8:10  Forge, Pylon  
  121  8:15  Disruptor  
  121  8:17  Protoss Ground Armor Level 2  
  124  8:26  Warp Prism  
  126  8:32  Stalker x4  
  126  8:33  Protoss Ground Weapons Level 2  
  134  8:39  Probe x3  
  137  8:48  Dark Shrine  
  137  8:51  Disruptor  
  140  8:59  Disruptor, Zealot x3  
  149  9:09  Zealot  
  147  9:10  Zealot x2  
  143  9:17  Disruptor  
  141  9:25  Probe x2  
  141  9:26  Assimilator, Probe x2  
  141  9:27  Disruptor  
  141  9:29  Assimilator  
  148  9:33  Pylon  
  151  9:47  Stargate  
  151  9:49  Fleet Beacon  
  151  9:52  Photon Cannon  
  151  9:53  Photon Cannon  
  151  9:54  Stargate  
  151  9:55  Shield Battery  
  151  9:57  Shield Battery, Zealot x3  
  157  10:00  Pylon  
  157  10:04  Stalker x3  
  159  10:11  Shadow Stride  
  154  10:18  Dark Templar x2  
  154  10:19  Zealot x3  
  164  10:25  Disruptor  
  167  10:28  Disruptor  
  167  10:35  Protoss Ground Armor Level 3  
  170  10:39  Tempest  
  170  10:42  Zealot x5  
  186  10:49  Tempest  
  189  10:54  Tempest  
  191  11:06  Pylon  
  191  11:10  Pylon  
  191  11:15  Protoss Ground Weapons Level 3  
  191  11:24  Tempest  
  195  11:47  Zealot x6  
  183  11:48  Tempest x2  
  199  11:59  Photon Cannon  
  199  12:00  Shield Battery  
  196  12:27  Dark Templar x2  
  200  12:32  Nexus  
  200  12:35  Pylon, Templar Archives  
  190  12:37  Zealot x6  
  200  12:48  Assimilator  
  200  13:10  Stalker x2  
  200  13:12  Stalker x2, Phoenix  
  196  13:13  Stalker  
  184  13:29  Psionic Storm  
  184  13:34  Nexus, Dark Templar x2  
  184  13:35  Zealot x3  
  184  13:37  Pylon  
  194  13:42  Stalker x3  
  194  13:46  Gateway x2  
  197  13:59  Dark Templar  
  193  14:12  Stalker x3  
  197  14:31  High Templar  
  197  14:33  Assimilator  
  197  14:37  Assimilator  
  181  14:47  Oracle, High Templar x4  
  181  14:48  Nexus  
  169  15:01  Disruptor x2  
  169  15:07  Tempest x2  
  151  15:09  Protoss Air Weapons Level 1  
  151  15:10  Protoss Shields Level 1  
  151  15:19  Probe x4  
  155  15:34  Gateway  
  155  15:35  Dark Templar x2  
  155  15:37  Disruptor x2  
  155  15:38  Stalker x3, Gateway  
  155  15:39  Stalker x5  
  155  15:40  Gateway  
  177  15:46  Tempest  
  171  16:02  Zealot x6, Dark Templar x2  
  163  16:14  Tempest  
  163  16:15  Tempest  
  175  16:23  Zealot x5  
  181  16:39  High Templar x2, Zealot x2  
  189  16:40  Zealot  
  191  16:48  Probe x3  
  191  16:49  Zealot  
  191  16:50  Zealot x2  
  198  17:03  Tempest x2  
  192  17:10  Stalker x3  
  192  17:15  Stalker  
  192  17:16  Stalker  
  192  17:19  Archon  
  192  17:21  Stalker x2  
  194  17:27  High Templar x3  
  200  17:30  Tempest  
  199  18:00  Pylon  
  199  18:04  Pylon  
  184  18:13  Archon  
Show
View Real Time Build Order
Export as new Build Order

Clem Terran 

Build Orders: Gas First Reaper Expand, Reaper Expand, MMM Bio 

Get SALT Encoding   

  12  0:00  SCV  
  13  0:13  SCV  
  14  0:17  Supply Depot  
  14  0:25  SCV  
  15  0:29  Refinery  
  15  0:38  SCV  
  16  0:44  Barracks  
  16  0:50  SCV  
  17  1:02  SCV  
  18  1:15  SCV  
  19  1:31  Orbital Command, Reaper  
  20  1:49  Command Center  
  20  1:57  Factory  
  20  2:00  SCV  
  21  2:06  Barracks Reactor  
  21  2:12  SCV  
  21  2:14  Supply Depot  
  22  2:21  Refinery  
  22  2:25  SCV  
  23  2:37  SCV  
  24  2:49  SCV, Hellion x2  
  29  2:52  Supply Depot  
  29  3:01  SCV  
  29  3:14  Cyclone x2  
  29  3:15  SCV  
  36  3:23  Orbital Command  
  36  3:27  SCV  
  37  3:34  Engineering Bay  
  37  3:40  SCV  
  38  3:48  Marine  
  36  3:49  SCV  
  36  3:51  Cyclone  
  36  3:52  SCV  
  39  3:55  Cyclone  
  39  4:01  Missile Turret  
  39  4:02  SCV  
  43  4:04  SCV  
  43  4:06  Missile Turret  
  44  4:15  SCV  
  44  4:16  SCV  
  46  4:23  Supply Depot, Cyclone  
  49  4:27  SCV  
  49  4:28  SCV  
  49  4:29  Cyclone  
  54  4:33  Supply Depot  
  54  4:43  Barracks Tech Lab  
  54  4:44  SCV x2  
  56  4:49  Command Center  
  56  4:56  SCV  
  56  4:57  SCV  
  58  5:06  Barracks  
  58  5:08  Barracks Tech Lab, SCV, Barracks  
  58  5:09  Terran Infantry Weapons Level 1, SCV  
  58  5:20  SCV  
  60  5:21  SCV  
  60  5:22  Factory Tech Lab  
  60  5:23  Barracks Tech Lab  
  60  5:33  SCV  
  60  5:34  SCV  
  63  5:37  Factory Reactor  
  63  5:39  Starport, Supply Depot  
  63  5:43  Refinery, Supply Depot  
  63  5:44  Refinery  
  63  5:45  SCV  
  63  5:46  SCV  
  63  5:47  Barracks Tech Lab  
  64  5:51  Barracks x2  
  64  5:57  SCV  
  64  5:58  SCV  
  64  6:01  Supply Depot  
  52  6:04  Orbital Command  
  66  6:07  Stimpack  
  66  6:08  Barracks Tech Lab  
  66  6:09  SCV  
  66  6:10  SCV, Marine  
  66  6:11  Marine  
  70  6:15  Marauder  
  72  6:21  Factory Reactor, SCV  
  72  6:22  SCV  
  74  6:27  Marine  
  74  6:28  Marine  
  74  6:32  Orbital Command, Missile Turret  
  76  6:33  SCV  
  76  6:34  SCV, Medivac x2  
  76  6:38  Supply Depot  
  84  6:40  Marauder  
  84  6:41  Barracks Tech Lab  
  84  6:42  Supply Depot  
  84  6:44  Barracks Reactor  
  84  6:45  Marine  
  84  6:46  Marine  
  86  6:48  Marauder  
  86  6:51  SCV x2  
  90  6:55  Supply Depot  
  90  6:59  SCV  
  91  7:03  Widow Mine, SCV, Marine  
  91  7:04  Widow Mine, SCV, Marine  
  99  7:08  Terran Infantry Armor Level 1  
  99  7:09  Concussive Shells  
  99  7:10  Supply Depot  
  99  7:11  SCV  
  99  7:13  Engineering Bay  
  100  7:15  SCV  
  100  7:17  Armory  
  100  7:18  Marine  
  100  7:19  SCV  
  103  7:25  Medivac  
  103  7:27  Widow Mine  
  107  7:30  Widow Mine, SCV  
  107  7:31  SCV  
  107  7:32  SCV  
  107  7:34  Marine x4  
  116  7:42  SCV  
  116  7:43  SCV  
  118  7:44  SCV  
  118  7:45  Marauder x2  
  123  7:52  Supply Depot  
  123  7:53  Widow Mine x2  
  123  7:54  SCV, Medivac  
  123  7:55  SCV  
  123  7:56  SCV, Marine x3  
  123  7:57  Marine  
  133  8:04  Marauder  
  133  8:05  Medivac  
  135  8:06  Marauder, SCV  
  135  8:10  Refinery x2  
  138  8:15  Supply Depot  
  138  8:16  Missile Turret  
  138  8:17  Marine  
  138  8:18  Missile Turret, Marine  
  140  8:21  Marauder  
  142  8:28  Starport  
  142  8:31  Fusion Core  
  142  8:32  Marine x2  
  144  8:34  Factory Tech Lab  
  144  8:35  Supply Depot  
  144  8:38  Marauder  
  144  8:39  Marauder  
  148  8:42  Marine x2  
  148  8:46  Combat Shield  
  150  8:50  Terran Infantry Weapons Level 2  
  150  8:51  Supply Depot  
  150  8:52  Marine x2  
  150  8:55  Marauder  
  154  9:00  Liberator  
  154  9:04  Marine x2  
  144  9:12  Command Center  
  144  9:15  Liberator x2  
  138  9:20  Marine x2  
  138  9:21  Marauder x3  
  143  9:31  Supply Depot  
  143  9:32  Sensor Tower  
  143  9:37  Marine x2  
  151  9:42  Marauder x2, Supply Depot, Marine  
  151  9:43  Marauder, Marine  
  159  9:53  Supply Depot  
  159  9:54  Advanced Ballistics  
  159  9:56  Marine x2  
  160  10:00  Marine, Medivac  
  160  10:01  Marine  
  160  10:03  Supply Depot, Marine  
  160  10:04  Marauder x2  
  168  10:19  Terran Infantry Armor Level 2  
  168  10:21  Terran Ship Weapons Level 1  
  168  10:23  Marine x4  
  168  10:24  Marauder, Sensor Tower  
  168  10:26  Marauder, Marine  
  176  10:29  Refinery  
  176  10:32  Refinery, Planetary Fortress  
  176  10:33  Liberator x2  
  176  10:40  Marine  
  176  10:41  Marine x2  
  179  10:53  Marine  
  179  10:56  SCV x2  
  186  10:57  Command Center  
  186  10:58  Marine  
  188  11:06  Marine x2  
  188  11:09  Marauder, Marine x2  
  188  11:10  SCV  
  192  11:11  Marine  
  192  11:16  Marine  
  194  11:23  Marine  
  194  11:24  Marine  
  196  11:27  Marauder, Marine  
  196  11:29  Liberator  
  196  11:30  Barracks  
  196  11:31  Barracks  
  199  11:34  Barracks  
  199  11:35  Terran Infantry Weapons Level 3  
  199  11:37  Ghost Academy  
  199  11:39  Liberator x2  
  197  11:49  Missile Turret  
  192  11:57  Marine x2  
  200  12:02  Command Center  
  191  12:10  Medivac  
  184  12:17  Marauder x2  
  184  12:19  Starport x2  
  184  12:20  Marine  
  184  12:21  Marauder  
  184  12:22  Liberator  
  191  12:25  Terran Ship Weapons Level 2  
  191  12:29  Viking  
  193  12:48  Viking  
  195  12:56  Medivac  
  195  12:57  Viking x2  
  199  13:05  Medivac  
  195  13:07  Marauder, Marine  
  195  13:09  Marauder, Marine x2  
  198  13:14  SCV x2  
  198  13:15  SCV  
  198  13:18  Medivac  
  196  13:22  Viking  
  188  13:28  Viking x2  
  188  13:31  Medivac  
  191  13:35  Orbital Command  
  191  13:36  Marauder, Marine  
  191  13:38  Medivac  
  196  13:48  Viking  
  198  13:49  Terran Infantry Armor Level 3  
  198  13:52  Viking  
  188  13:57  Ghost x2  
  188  13:58  Personal Cloaking, Viking x2  
  188  14:01  Viking  
  198  14:08  Viking  
  197  14:13  Sensor Tower  
  197  14:14  Marauder, Marine  
  193  14:18  Viking  
  193  14:22  Viking  
  192  14:28  Viking  
  192  14:29  SCV x2  
  192  14:30  SCV, Marine  
  180  14:36  SCV x2  
  175  14:44  Viking  
  173  14:49  Viking  
  175  14:53  Liberator  
  175  14:56  Viking  
  175  14:57  Viking  
  175  14:59  Viking  
  148  15:02  Marauder  
  148  15:03  SCV  
  148  15:05  Marine  
  145  15:10  Liberator  
  148  15:16  Liberator  
  148  15:17  Sensor Tower  
  148  15:19  Orbital Command  
  148  15:22  Marine x3  
  148  15:23  Marauder  
  148  15:24  Nuke  
  156  15:33  Liberator  
  159  15:36  Marine  
  159  15:38  Marauder  
  159  15:39  Liberator  
  159  15:41  Marine x2  
  164  15:43  Liberator  
  161  15:50  Liberator  
  161  15:51  Marauder, Marine  
  167  15:58  Liberator  
  167  16:02  Marauder  
  167  16:03  Liberator  
  164  16:08  Marauder  
  164  16:09  Marine x2  
  169  16:11  Marine  
  168  16:20  Liberator  
  168  16:24  SCV x4, Liberator  
  168  16:25  SCV  
  170  16:27  Liberator  
  170  16:32  Marauder x2  
  175  16:45  Liberator  
  179  16:51  Marauder  
  179  16:52  Marauder  
  179  16:53  Marine  
  179  16:54  Marauder  
  183  16:56  SCV x2  
  182  17:03  Marine  
  182  17:07  Marauder  
  173  17:13  Marauder, Marine  
  173  17:14  Marauder  
  173  17:15  Marine  
  173  17:21  Viking  
  157  17:30  Marauder x2  
  157  17:31  Marine  
  157  17:33  Viking  
  159  17:39  Viking  
  158  17:56  Marauder, Marine  
  158  17:57  Marine  
Tags
 
Add a new tag
Caveats
  • Supply blocks, unpowered buildings, or Contaminate may cause inaccurate times.
  • Supply counts are checked every 10 seconds.